Map: King Sejong Station LE

Players

Gracz - Winner!

  • Race: Zerg Zerg
  • League: Silver

Viffon

  • Race: Protoss Protoss
  • League: Platinum

VOD

Have the link to the VOD?

Description

Time

  • Played on: Nov. 1, 2016, 1:15 p.m.
  • Length: 14:56
Show
View Real Time Build Order
Export as new Build Order

Gracz Zerg - Winner!

Build Orders: Hatch First, Lurkers 

Get SALT Encoding   

  12  0:01  Drone  
  13  0:08  Drone  
  14  0:16  Overlord  
  14  0:43  Unknown, Hatchery  
  13  0:55  Drone  
  13  0:56  Drone x2  
  16  1:08  Drone  
  17  1:15  Spawning Pool  
  16  1:18  Drone  
  16  1:21  Extractor  
  16  1:32  Drone  
  17  1:41  Drone  
  18  1:54  Unknown  
  18  1:55  Drone  
  18  1:57  Drone  
  20  2:02  Queen x2  
  20  2:07  Drone  
  20  2:08  Drone  
  26  2:17  Drone x2  
  28  2:24  Extractor  
  28  2:28  Overlord  
  27  2:37  Drone  
  28  2:49  Drone x2  
  28  2:50  Drone x2  
  32  2:54  Drone  
  32  2:56  Lair  
  33  3:08  Drone  
  33  3:09  Drone  
  35  3:17  Pneumatized Carapace  
  35  3:20  Overlord  
  35  3:33  Drone  
  36  3:35  Overlord x2  
  36  3:47  Metabolic Boost  
  36  3:49  Zergling x16  
  36  3:53  Drone x3  
  47  4:03  Drone  
  47  4:08  Unknown, Hatchery  
  47  4:24  Drone  
  47  4:25  Drone x4  
  47  4:28  Extractor  
  47  4:29  Extractor  
  50  4:46  Evolution Chamber  
  50  4:48  Evolution Chamber  
  50  4:51  Hydralisk Den  
  47  4:55  Infestation Pit  
  46  5:01  Spire  
  46  5:05  Zergling x4  
  46  5:06  Zergling x20  
  57  5:20  Unknown, Overlord x2  
  57  5:23  Lurker Den  
  57  5:33  Queen  
  57  5:37  Queen  
  50  5:45  Hydralisk  
  50  5:46  Hydralisk x5  
  50  5:47  Zergling x4  
  61  6:00  Zerg Ground Armor Level 1  
  61  6:10  Drone  
  64  6:11  Drone x7  
  69  6:21  Hive  
  69  6:41  Drone x3  
  69  6:42  Drone  
  69  6:44  Overlord x3  
  73  6:58  Zerg Flyer Weapons Level 1  
  73  7:04  Zerg Melee Weapons Level 1  
  73  7:13  Overseer x2  
  73  7:18  Drone x8  
  73  7:20  Drone x2  
  73  7:22  Extractor  
  82  7:24  Extractor  
  82  7:25  Lurker x3  
  82  7:27  Overlord x2  
  84  7:44  Corruptor x2  
  84  7:46  Zergling x6  
  84  7:47  Zergling x2  
  90  7:57  Zergling x8  
  94  8:17  Ultralisk Cavern  
  93  8:39  Hydralisk x3  
  93  8:40  Zergling x4, Hydralisk  
  93  8:41  Zergling x6, Corruptor x3  
  106  8:43  Zergling x2  
  106  8:45  Overlord x4  
  113  8:55  Overlord x2  
  113  9:08  Ultralisk x2  
  123  9:18  Lurker x2  
  122  9:30  Chitinous Plating  
  122  9:38  Zerg Melee Weapons Level 2  
  122  9:52  Corruptor  
  122  9:53  Corruptor  
  122  9:55  Zergling x6, Unknown, Hatchery  
  122  9:56  Zergling x8  
  132  10:26  Ultralisk x2  
  132  10:27  Zergling x2  
  132  10:28  Zergling x12  
  134  10:44  Hydralisk x3  
  129  11:05  Ultralisk x2  
  129  11:06  Zergling x2, Unknown  
  129  11:07  Zergling x6  
  141  11:20  Corruptor x2  
  144  11:27  Greater Spire  
  144  11:48  Drone  
  144  11:49  Drone x11  
  156  12:04  Zerg Melee Weapons Level 3  
  156  12:05  Zerg Ground Armor Level 2  
  156  12:07  Adrenal Glands  
  156  12:09  Muscular Augments  
  156  12:12  Hydralisk  
  156  12:14  Zergling x10  
  156  12:15  Zergling x2  
  164  12:23  Zergling x2  
  164  12:24  Zergling x4  
  164  12:25  Overlord  
  164  12:26  Overlord x3  
  167  12:48  Ultralisk x2, Corruptor x2  
  167  12:49  Zergling x2  
  167  12:50  Zergling x12  
  167  12:51  Zergling x2  
  191  13:19  Brood Lord x3  
  197  13:28  Lurker x2  
  199  13:46  Extractor  
  199  13:47  Extractor  
  199  13:55  Brood Lord  
Show
View Real Time Build Order
Export as new Build Order

Viffon Protoss 

Build Orders: 1 Gate Expand, Mass Adepts 

Get SALT Encoding   

  12  0:01  Probe (Chrono Boost)  
  13  0:16  Pylon  
  13  0:18  Probe (Chrono Boost)  
  14  0:29  Probe (Chrono Boost)  
  15  0:38  Gateway  
  15  0:41  Probe (Chrono Boost)  
  16  0:55  Assimilator, Probe (Chrono Boost)  
  17  1:06  Probe (Chrono Boost)  
  18  1:17  Probe (Chrono Boost)  
  19  1:29  Cybernetics Core  
  19  1:41  Probe (Chrono Boost)  
  19  1:44  Unknown, Nexus  
  20  1:54  Probe (Chrono Boost)  
  20  1:55  Gateway  
  21  2:02  Assimilator  
  21  2:05  Probe (Chrono Boost)  
  22  2:11  Pylon  
  24  2:31  Mothership Core (Chrono Boost)  
  24  2:36  Adept  
  26  2:38  Warp Gate  
  26  2:39  Stalker  
  28  2:56  Unknown  
  28  3:01  Probe (Chrono Boost)  
  28  3:02  Probe (Chrono Boost)  
  28  3:03  Twilight Council  
  28  3:04  Adept  
  32  3:15  Adept  
  34  3:24  Probe (Chrono Boost)  
  30  3:27  Resonating Glaives, Probe (Chrono Boost)  
  36  3:31  Adept  
  36  3:34  Gateway  
  36  3:35  Gateway  
  38  3:46  Probe (Chrono Boost)  
  40  3:48  Probe (Chrono Boost)  
  40  3:55  Pylon  
  40  3:58  Adept  
  40  3:59  Adept  
  44  4:12  Probe (Chrono Boost)  
  44  4:14  Probe (Chrono Boost)  
  48  4:24  Adept  
  48  4:25  Adept  
  48  4:28  Gateway  
  50  4:44  Adept x2  
  54  5:04  Pylon  
  54  5:07  Pylon  
  54  5:11  Pylon  
  54  5:24  Probe (Chrono Boost)  
  43  5:52  Adept x2  
  43  5:53  Adept x2  
  51  6:02  Blink  
  51  6:04  Robotics Facility  
  51  6:06  Probe (Chrono Boost)  
  51  6:07  Probe (Chrono Boost)  
  51  6:09  Adept  
  55  6:13  Sentry  
  58  6:26  Probe (Chrono Boost)  
  58  6:27  Probe (Chrono Boost)  
  58  6:30  Stalker x3  
  58  6:31  Stalker  
  67  6:51  Adept, Probe (Chrono Boost)  
  70  6:59  Adept  
  70  7:00  Adept x3  
  78  7:07  Pylon  
  78  7:09  Pylon  
  78  7:14  Pylon x2  
  78  7:16  Pylon  
  78  7:23  Observer  
  79  7:37  Adept x5  
  89  7:54  Observer  
  90  8:03  Stalker x2  
  90  8:04  Stalker x3  
  100  8:10  Forge x2  
  100  8:12  Probe (Chrono Boost)  
  102  8:13  Probe (Chrono Boost)  
  102  8:19  Assimilator  
  102  8:20  Assimilator, Immortal  
  106  8:34  Pylon  
  106  8:35  Pylon  
  106  8:38  Pylon  
  106  8:39  Pylon  
  104  8:44  Stalker x3  
  110  8:51  Protoss Ground Armor Level 1  
  110  8:58  Probe (Chrono Boost)  
  89  9:26  Adept x3  
  89  9:27  Adept x2  
  99  9:36  Protoss Ground Weapons Level 1  
  99  9:38  Probe (Chrono Boost), Immortal  
  104  10:03  Stalker x5  
  104  10:04  Unknown, Nexus  
  114  10:17  Robotics Bay  
  114  10:22  Immortal  
  102  10:43  Protoss Ground Armor Level 2  
  102  10:46  Mothership Core (Chrono Boost)  
  104  11:08  Adept x2  
  104  11:09  Adept x3  
  114  11:15  Unknown  
  104  11:22  Observer  
  101  11:30  Probe (Chrono Boost)  
  102  11:37  Probe (Chrono Boost)  
  103  11:41  Probe x2 (Chrono Boost)  
  105  11:48  Stalker x5  
  105  11:49  Probe (Chrono Boost)  
  105  11:50  Colossus  
  105  11:51  Probe (Chrono Boost)  
  105  11:52  Probe (Chrono Boost)  
  124  11:59  Extended Thermal Lance  
  124  12:01  Probe (Chrono Boost)  
  125  12:02  Probe (Chrono Boost)  
  125  12:03  Probe (Chrono Boost)  
  127  12:12  Probe (Chrono Boost)  
  127  12:13  Probe (Chrono Boost)  
  127  12:14  Protoss Ground Weapons Level 2, Probe (Chrono Boost)  
  130  12:24  Probe (Chrono Boost)  
  130  12:25  Sentry x2, Probe x2 (Chrono Boost)  
  138  12:37  Probe (Chrono Boost)  
  138  12:38  Assimilator  
  138  13:03  Colossus  
  138  13:07  Unknown, Nexus  
  144  13:23  Assimilator  
  144  13:30  Stalker x2  
  144  13:31  Stalker x3  
  154  13:41  Pylon  
  154  13:42  Pylon  
  154  13:43  Pylon  
  154  13:46  Pylon  
  154  13:56  Colossus  
  154  14:06  Stalker  
  154  14:07  Stalker x4  
  170  14:19  Unknown  
Tags
 
Add a new tag
Caveats
  • Supply blocks, unpowered buildings, or Contaminate may cause inaccurate times.
  • Supply counts are checked every 10 seconds.